 Dungeon Crawl Stone Soup version 0.30-a0-782-ge64f9170bb (webtiles) character file.

Game seed: 14289328989893402199

7 112233 the Grave Robber (level 1, -2/13 HPs)
             Began as a Vampire Necromancer on Feb 27, 2023.
             Slain by a quokka (5 damage)
             ... on level 1 of the Dungeon.
             The game lasted 00:00:36 (343 turns).

112233 the Grave Robber (Vampire Necromancer)        Turns: 343, Time: 00:00:36

Health: -2/13      AC:  2    Str:  7    XL:     1   Next: 91%
Magic:  1/3        EV: 12    Int: 17    God:
Gold:   3          SH:  0    Dex: 14    Spells: 3/4 levels left

rFire   . . .      SeeInvis +    g - +2 short sword (vamp)
rCold   . . .      Faith    .    (no shield)
rNeg    . . .      Spirit   .    a - +0 robe
rPois   .          Reflect  .    (no helmet)
rElec   .          Harm     .    (no cloak)
rCorr   .          Rampage  .    (no gloves)
Will    .....                    (no boots)
Stlth   ++                       (no amulet)
HPRegen 0.42/turn                (no ring)
MPRegen 0.08/turn                (no ring)

@: healing quickly
A: alive, fangs 3, see invisible, vampiric 1
a: Exsanguinate


You were on level 1 of the Dungeon.
You visited 1 branch of the dungeon, and saw 1 of its levels.

You collected 3 gold pieces.

Inventory:

Hand Weapons
 g - a +2 vampiric short sword (weapon)
Armour
 a - a +0 robe (worn)
Magical Staves
 e - a staff of earth
Scrolls
 c - a scroll of fog {unknown}
 f - a scroll of blinking {unknown}
Potions
 b - a potion of magic
 d - a potion of resistance {unknown}


   Skills:
 + Level 2.4 Dodging
 - Level 3.0 Stealth
 * Level 2.2 Spellcasting
 + Level 4.5 Necromancy


You had 3 spell levels left.
You knew the following spells:

 Your Spells              Type           Power      Damage    Failure   Level
a - Necrotise             Necr           68%        1d7       3%          1

Your spell library contained the following spells:

 Spells                   Type           Power      Damage    Failure   Level
 Vampiric Draining        Necr           17%        2d7       9%          3
 Animate Dead             Necr           17%        N/A       28%         4
 Agony                    Necr           17%        N/A       63%         5


Dungeon Overview and Level Annotations

Branches:
Dungeon (1/15)

Altars:


Innate Abilities, Weirdness & Mutations

Your natural rate of healing is accelerated.
You have razor-sharp teeth.
You have supernaturally acute eyesight. (SInv)
You are afflicted with vampirism.


Message History

Your goblin skeleton barely misses the quokka.
You are too injured to fight recklessly!
A quokka is nearby!
You are too injured to fight recklessly!
You are too injured to fight recklessly!
A quokka is nearby!
A quokka is nearby!
Unknown command.
You closely miss the quokka.
The quokka is almost dead.
The quokka closely misses you.
Your goblin skeleton closely misses the quokka.
You miss the quokka.
The quokka is almost dead.
The quokka twitches its whiskers.
The quokka barely misses you.
You miss the quokka.
The quokka is almost dead.
The quokka barely misses you.
Your goblin skeleton misses the quokka.
The quokka bites you.
You barely miss the quokka. Your bite misses the quokka.
The quokka is almost dead.
Your goblin skeleton hits the quokka but does no damage.
The quokka bites you but does no damage.
You completely miss the quokka.
The quokka is almost dead.
The quokka bites you but does no damage.
Your goblin skeleton hits the quokka.
You hit the quokka but do no damage.
The quokka is almost dead.
The quokka closely misses you.
Your goblin skeleton completely misses the quokka.
You closely miss the quokka.
The quokka is almost dead.
The quokka bites you.
* * * LOW HITPOINT WARNING * * *
You barely miss the quokka.
The quokka is almost dead.
The quokka bites you.
You die...

#. #..?.....+ #.
#........# #.
#........+ . #.
####........##..
#.
#..............
#. #...........#
# #.
#.....?Z....###.#
#####.
#.....r@.........
#....#
#######+#.)..##.
#.##.# #..#.#
#..#.# #..# ..
#.†..# #..# .
#.†##. #..#
.....##. #..#
#......#. #..#
##+#+##.#.
#..####.....#.#.


You could see a quokka (ally target) and a friendly goblin skeleton.

Vanquished Creatures
  A ball python (D:1)
  2 giant cockroaches (D:1)
  A goblin (D:1)
  3 frilled lizards (D:1)
7 creatures vanquished.

Notes
Turn   | Place    | Note
-------+----------+-------------------------------------------
     0 | D:1      | 112233 the Vampire Necromancer began the quest for the Orb.
     0 | D:1      | Reached XP level 1. HP: 13/13 MP: 3/3
   343 | D:1      | Slain by a quokka

Illustrated notes

Levels and vault maps discovered:
D:1:      dpeg_arrival_simpleton_a, layout_basic

Action                     || total
---------------------------++-------
  Melee: Short sword       ||    10
   Cast: Necrotise         ||    11
 Armour: Robe              ||     3
  Dodge: Dodged            ||     7

Table legend: (Time is in decaauts)
 A = Elapsed time spent in this place.
 B = Non-inter-level travel time spent in this place.
 C = Inter-level travel time spent in this place.
 D = Time resting spent in this place.
 E = Time spent auto-exploring this place.
 F = Levels seen in this place.
 G = Mean time per level.
                   A        B        C        D        E       F      G
               +--------+--------+--------+--------+--------+-----+--------+
         Total |    342 |    342 |      0 |      0 |    269 |   1 |  342.0 |
       Dungeon |    342 |    342 |      0 |      0 |    269 |   1 |  342.0 |
               +--------+--------+--------+--------+--------+-----+--------+

Top non-repeatable levels by time:
     D:1: 342 daAuts
